 Dungeon Crawl Stone Soup version 0.22-a0-284-g99d1f74 (webtiles) character file.

641 Amnesiac the Zephyrmancer (level 7, -1/36 HPs)
             Began as a Tengu Air Elementalist on Mar 22, 2018.
             Slain by Duvessa
             ... wielding a +0 short sword
              (8 damage)
             ... on level 4 of the Dungeon.
             The game lasted 00:09:20 (4784 turns).

Amnesiac the Zephyrmancer (Tengu Air Elementalist)  Turns: 4784, Time: 00:09:20

Health: -1/36      AC:  6    Str:  9    XL:     7   Next: 51%
Magic:  5/15       EV: 12    Int: 21    God:
Gold:   24         SH:  0    Dex: 14    Spells: 11/15 levels left

rFire    . . .     SeeInvis .   x - +1 short sword (elec)
rCold    . . .     Gourm    .   (no shield)
rNeg     . . .     Faith    .   b - +1 robe {Archmagi}
rPois    .         Spirit   .   (helmet restricted)
rElec    .         Reflect  .   m - +0 cloak
rCorr    .         Harm     .   j - +1 pair of gloves
MR       .....     Rnd*Tele +   (boots unavailable)
Stlth    ++........             s - amulet of inaccuracy (curse)
HPRegen  0.12/turn              e - ring of teleportation (curse)
MPRegen  0.14/turn              p - +4 ring of intelligence

@: no status effects
A: beak, talons 3, able to fly 1
a: Fly


You were on level 4 of the Dungeon.
You were hungry.

You visited 2 branches of the dungeon, and saw 5 of its levels.

You collected 271 gold pieces.
You spent 247 gold pieces at shops.

Inventory:

Hand Weapons
 t - a +0 blowgun
 x - a +1 short sword of electrocution (weapon)
Missiles
 g - 72 poisoned needles
Armour
 a - a +0 robe
 b - a +1 robe of the Archmagi (worn)
 j - a +1 pair of gloves (worn)
 m - a +0 cloak (worn)
Jewellery
 e - a cursed ring of teleportation (left hand)
 k - an uncursed amulet of regeneration
 p - a +4 ring of intelligence (right hand)
 s - a cursed amulet of inaccuracy (around neck)
 u - an uncursed ring of fire
Wands
 d - a wand of polymorph (8)
Scrolls
 n - 2 scrolls of enchant armour {!r}
 w - a scroll of enchant weapon {!r}
 y - 3 scrolls of blinking {!r}
Potions
 f - 2 potions of heal wounds {!q}
 h - a potion of cancellation {!q, unknown}
 i - a potion of flight {!q}
 l - 2 potions of lignification {!q}
 o - a potion of brilliance {!q}
 q - 2 potions of agility {!q, unknown}
 r - a potion of might {!q}
Comestibles
 c - 10 rations
 v - 4 chunks of flesh


   Skills:
 - Level 2.1 Dodging
 - Level 2.0 Stealth
 + Level 4.9 Spellcasting
   Level 1.3 Conjurations
 - Level 9.0 Air Magic


You had 11 spell levels left.
You knew the following spells:

 Your Spells              Type           Power        Failure   Level  Hunger
a - Airstrike             Air            ######....   2%          4    ####...


Dungeon Overview and Level Annotations

Branches:
Dungeon (4/15)             Temple (1/1) D:4

Altars:
Ashenzari
Elyvilon
Fedhas
Gozag
Hepliaklqana
Makhleb
Okawaru
Qazlal
Ru
Vehumet
Wu Jian
Yredelemnul
The Shining One

Shops:
D:4 ?

Annotations:
D:4 Dowan, Duvessa


Innate Abilities, Weirdness & Mutations

You have a beak for a mouth.
You have claws for feet.
You can fly.


Message History

You feel a surge of power!
The air twists around and strikes Duvessa!
Duvessa is moderately wounded.
Casting: Airstrike (safe; 2% risk of failure)
Confirm with . or Enter, or press ? or * to list all spells.
Aiming: Airstrike (safe; 2% risk of failure)
Press: ? - help, Dir - move target cursor, f/p - Duvessa
Aim: Duvessa, wielding a short sword and wearing a runed leather armour (moderately wounded)
You feel a surge of power!
The air twists around and strikes Duvessa!
Duvessa is moderately wounded.
You are feeling hungry.
Casting: Airstrike (safe; 2% risk of failure)
Confirm with . or Enter, or press ? or * to list all spells.
You don't have enough magic to cast that spell.
Duvessa says, "When magic and the sword combine, nothing stands against them."
Dowan gestures wildly while chanting.
Dowan blinks!
You barely miss Dowan.
Duvessa says, "Where magic fails, the sword succeeds!"
Duvessa hits you with a short sword. Dowan hits you with a dagger.
You miss Dowan. You claw Dowan.
Dowan is lightly wounded.
Duvessa barely misses you. Dowan hits you but does no damage.
You closely miss Dowan.
Dowan is lightly wounded.
Duvessa hits you with a short sword. Dowan barely misses you.
You miss Dowan.
Dowan is lightly wounded.
Duvessa hits you with a short sword. Dowan barely misses you.
You hit Dowan. You claw Dowan!
Dowan is severely wounded.
Duvessa barely misses you. Dowan closely misses you.
You hit Duvessa.
Duvessa is heavily wounded.
Duvessa hits you with a short sword. Dowan hits you with a dagger.
Duvessa misses you.
You closely miss Duvessa.
Duvessa is heavily wounded.
Dowan hits you but does no damage. Duvessa hits you but does no damage.
You hit Duvessa but do no damage. Lightning courses through Duvessa!
Duvessa is almost dead.
Dowan hits you but does no damage. Duvessa hits you but does no damage.
You miss Duvessa.
Duvessa is almost dead.
Dowan hits you with a dagger. Duvessa says, "Did you see that move?
Perfect!"
Duvessa hits you with a short sword. Dowan gestures at you while chanting.
The puff of frost hits you!
* * * LOW HITPOINT WARNING * * *
You hit Duvessa but do no damage. You peck Duvessa, but do no damage.
Duvessa is almost dead.
Duvessa hits you but does no damage.
Dowan mumbles some strange words.
Dowan blinks!
You closely miss Duvessa.
Duvessa is almost dead.
Duvessa hits you with a short sword!
* * * LOW HITPOINT WARNING * * *
You hit Duvessa.
Duvessa is almost dead.
Duvessa hits you with a short sword!
You die...

##########'####.#
##.#... #.....#[#
.....#. #.....#.#
###..#. #.....#.#
#...... ##'####.#
#.#.... #....#.# #.#....
####.#.# #.#.### #.#e#
#.#.##
#.#@##########.#..##
#####.#.##.........##.##
#.....#.##.##########.##
#.##..#.##.# #...
#.##8'#e##.# ##.#
#.##....##.###########.#
#.8.∩.8.##.#...........#
####....##.#...........#
#8...##.#........>...


You could see Duvessa and Dowan.

Vanquished Creatures
  Sigmund (D:3)
  An ogre (D:3)
  The ghost of Demitroll the Slasher, an amateur DsGl of Qazlal (D:3)
  A crimson imp (D:2)
  An orc priest (D:4)
  2 orc wizards (D:4)
  A worker ant (D:4)
  4 gnolls (D:2)
  4 adders (D:2)
  2 oozes
  4 worms
  5 dart slugs
  3 orcs
  7 giant cockroaches
  4 goblins
  10 hobgoblins
  2 quokkas
  2 ball pythons (D:1)
  3 bats
  6 frilled lizards
  7 kobolds
  7 rats
78 creatures vanquished.

Notes
Turn   | Place    | Note
-------+----------+-------------------------------------------
     0 | D:1      | Amnesiac the Tengu Air Elementalist began the quest for the Orb.
     0 | D:1      | Reached XP level 1. HP: 10/10 MP: 4/4
   179 | D:1      | Reached XP level 2. HP: 5/15 MP: 0/6
   443 | D:2      | Reached skill level 5 in Air Magic
   443 | D:2      | Reached XP level 3. HP: 15/19 MP: 0/7
   766 | D:2      | Reached XP level 4. HP: 22/24 MP: 6/9
   777 | D:2      | Learned a level 4 spell: Airstrike
   820 | D:2      | Found a blossoming altar of Fedhas.
  1025 | D:4      | Found an ornate altar of the Wu Jian Council.
  1025 | D:4      | Noticed an ogre
  1073 | D:3      | Noticed Sigmund
  1073 | D:3      | Noticed Demitroll's ghost (amateur DsGl)
  1101 | D:2      | Reached skill level 6 in Air Magic
  2205 | D:2      | Gained mutation: You can fly. [Tengu growth]
  2205 | D:2      | Reached XP level 5. HP: 28/28 MP: 2/10
  2278 | D:3      | Killed Demitroll's ghost
  2278 | D:3      | Reached skill level 7 in Air Magic
  2278 | D:3      | Reached XP level 6. HP: 31/32 MP: 2/12
  3326 | D:3      | Killed Sigmund
  3326 | D:3      | Reached skill level 8 in Air Magic
  3444 | D:3      | Found a faded altar of an unknown god.
  3447 | D:3      | Reached XP level 7. HP: 36/36 MP: 9/14
  3823 | D:3      | Found a sacrificial altar of Ru.
  4026 | D:4      | Found a staircase to the Ecumenical Temple.
  4034 | Temple   | Entered the Ecumenical Temple
  4184 | D:4      | Noticed Duvessa
  4186 | D:4      | Noticed Dowan
  4405 | D:4      | Reached skill level 9 in Air Magic
  4483 | D:4      | Found Ytta's Magic Scroll Emporium.
  4723 | D:4      | Bought 3 scrolls of blinking for 247 gold pieces
  4784 | D:4      | Slain by Duvessa

Vault maps used:
D:1:      minmay_arrival_wavy_path
D:2:      overflow_temple_1_default
D:3:      first_ration, chequers_ecumenical_altar_simple_redux,
          nicolae_ru_awakened_eye, uniq_sigmund
D:4:      nicolae_overflow_crystal_walls, minmay_temple_entry_hall,
          serial_shops, nicolae_shop_statue_plus, uniq_grinder, uniq_duvessa
Temple:   eino_wide_crystal_templ

Skill      XL: |  1  2  3  4  5  6  7 |
---------------+----------------------+-----
Air Magic      | 5 6 7 8 9 |  9.0
Spellcasting   | 3 4 |  4.9
Dodging        | |  2.1
Stealth        | |  2.0
Conjurations   | |  1.3

Action                   |  1- 3 |  4- 6 |  7- 9 || total
-------------------------+-------+-------+-------++-------
Melee: Unarmed           |     3 |    10 |       ||    13
       Kick              |       |     8 |     5 ||    13
       Peck              |       |     2 |     1 ||     3
       Short sword       |       |       |    20 ||    20
 Cast: Shock             |    36 |    32 |       ||    68
       Airstrike         |       |    41 |    24 ||    65
 Abil: Fly               |       |       |     1 ||     1
  Use: Scroll            |       |     9 |     1 ||    10
  Eat: Chunk             |       |    16 |     2 ||    18
       Ration            |       |       |     2 ||     2
Armor: Robe              |       |     7 |     8 ||    15
Dodge: Dodged            |     7 |    17 |     9 ||    33

Table legend:
 A = Spawn XP
 B = Non-spawn XP
 C = Spawn XP percentage of total XP
 D = Spawn monster count
 E = Non-spawn monster count
 F = Spawn count percentage of total count
 G = Total turns spent on level
                    A         B        C        D         E        F      G
               +---------+---------+-------+---------+---------+-------+---------
         Total |       0 |     917 |   0.0 |       0 |      78 |   0.0 |  4784
               +---------+---------+-------+---------+---------+-------+---------
           D:1 |       0 |      40 |   0.0 |       0 |      20 |   0.0 |  1157
           D:2 |       0 |     216 |   0.0 |       0 |      37 |   0.0 |  1974
           D:3 |       0 |     489 |   0.0 |       0 |      11 |   0.0 |  1000
           D:4 |       0 |     172 |   0.0 |       0 |      10 |   0.0 |   581
               +---------+---------+-------+---------+---------+-------+---------
